 Dungeon Sprint DCSS version 0.19.0-22-gd96e5fe (webtiles) character file.

1853 equalderp2856 the Imperceptible (level 8, -5/58 HPs)
             Began as a Felid Fighter on Nov 18, 2016.
             Slain by a spriggan defender
             ... wielding a +3 rapier of speed
              (15 damage)
             ... in the Dungeon (Sprint IV: "Fedhas' Mad Dash").
             The game lasted 00:11:12 (2554 turns).

equalderp2856 the Imperceptible (Felid Fighter)     Turns: 2554, Time: 00:11:12

Health: -5/58      AC:  2    Str: 18      XL:     8   Next: 89%
Magic:  17/17      EV: 23    Int:  8 (10) God:
Gold:   169        SH:  0    Dex: 17      Spells: 0 memorised, 7 levels left
                                        Lives:  0   Deaths: 2

rFire  . . .     SeeInvis +       - Unarmed
rCold  . . .     Gourm    .     (armour unavailable)
rNeg   . . .     Faith    .     (shield unavailable)
rPois  .         Spirit   .     (helmet unavailable)
rElec  .         Reflect  .     (cloak unavailable)
rCorr  .         Harm     .     (gloves unavailable)
MR     +....     NoTele   +     (boots unavailable)
Stlth  ..........               j - amulet of invisibility {+Inv}
                                (no ring)
                                (no ring)

@: mighty, berserking, very quick
A: no armour, no weapons or thrown items, stealth, claws 1, fangs 3, see
invisible, carnivore 3, deterioration 1, speed 1, screaming 1, shaggy fur 2,
slow metabolism 1, sharp paws
a: Evoke Invisibility


You were in the Dungeon.
You were not hungry.

You visited 1 branch You collected 169 gold pieces.

Inventory:

Jewellery
 j - the amulet of invisibility (around neck) {+Inv}
   (You found it in the Dungeon)

   [amulet of nothing]

   It lets you turn invisible.
Scrolls
 h - a scroll of blinking
 k - a scroll of enchant armour {unknown}
 p - a scroll of amnesia {unknown}
Potions
 c - a potion of curing
 e - 2 potions of haste
 f - 2 potions of magic
 i - a potion of ambrosia {unknown}
 o - a potion of resistance {unknown}
Books
 l - Folixo's Compendium of the Voyage
   (You found it in the Dungeon)

   Spells                             Type                      Level
   a - Shroud of Golubria             Charms/Translocation         2
   b - Gell's Gravitas                Hexes/Translocation          3
   c - Recall                         Summoning/Translocation      3
   d - Malign Gateway                 Summoning/Translocation      7
 m - the Disquisition on Ensnaring Transformation
   (You found it in the Dungeon)

   Spells                             Type                      Level
   a - Dazzling Spray                 Conjuration/Hexes            3
   b - Gell's Gravitas                Hexes/Translocation          3
   c - Spectral Weapon                Hexes/Charms                 3
   d - Irradiate                      Conjuration/Transmutation    5
   e - Yara's Violent Unravelling     Hexes/Transmutation          5
 n - a book of Cantrips

   Spells                             Type                      Level
   a - Confusing Touch                Hexes                        1
   b - Animate Skeleton               Necromancy                   1
   c - Summon Small Mammal            Summoning                    1
   d - Apportation                    Translocation                1
Comestibles
 b - a royal jelly


   Skills:
 + Level 6.4 Fighting
 + Level 7.8 Dodging
 * Level 21.8 Stealth
 + Level 11.8 Unarmed Combat
 + Level 10.8 Evocations


You had 7 spell levels left.
You didn't know any spells.

Dungeon Overview and Level Annotations

Branches:
Dungeon (1/1)

Altars:
Cheibriados
Dithmenos
Elyvilon
Gozag
Hepliaklqana
Kikubaaqudgha
Makhleb
Nemelex Xobeh
Okawaru
Qazlal
Ru
Sif Muna
Trog
Uskayaw
Vehumet
Xom
Yredelemnul
Zin
The Shining One
Beogh
Jiyva
Lugonu

Shops:
D }=(}(

Annotations:
D Agnes


Innate Abilities, Weirdness & Mutations

You cannot wear armour.
You are incapable of wielding weapons or throwing items.
Your paws allow you to move quietly. (Stealth)
You have sharp claws.
You have razor-sharp teeth.
You have supernaturally acute eyesight. (SInv)
You are carnivorous and can eat meat at any time.
You cover ground quickly.
You are covered in thick fur. (AC +2)
You have a slow metabolism.
Your sharp claws are effective at attacking unaware monsters.
Your body sometimes deteriorates upon taking damage.
You occasionally shout uncontrollably at your foes.


Message History

A red film seems to cover your vision as you go berserk!
You feel yourself moving faster!
You feel mighty!
You feel a strong urge to attack something.
The spriggan defender hits you with a +3 rapier of speed!!
Your body deteriorates!
You feel dopey.
You see here 8 sling bullets.
You claw the spriggan defender!
The spriggan defender is lightly wounded.
The spriggan defender hits you with a +3 rapier of speed!
Your body deteriorates!
You feel dopey.
The spriggan defender blocks your attack.
The spriggan defender is lightly wounded.
The spriggan defender hits you with a +3 rapier of speed!
* * * LOW HITPOINT WARNING * * *
You are too berserk!
Unknown command.
You claw the spriggan defender!
The spriggan defender is moderately wounded.
The spriggan defender hits you with a +3 rapier of speed!
You die...

#######################
._._.⌠.#.['.))#....##∩#
_._._..'..#...#....'([#
._._...#..###'##...##∩#
_._._..#.)##∩∩.'...####
._._.⌠.#############
############....?$#
.♣(###.'..'....i@?+
..♣##.i#†.#.P.....#
♣).###†##i##.P....#
..♣'...#♣.♣########
########.....#
..♣Y.♣....# ...♣....
.♣.. ..... ♣.... ∩.
#### ###### ##


You could see a spriggan defender.

Vanquished Creatures
  A spriggan druid (D)
  6 oklob plants (D)
  3 wandering mushrooms (D)
  A queen bee (D)
  3 burning bushes (D)
  2 scorpions (D)
  4 killer bees (D)
  5 oklob saplings (D)
  A worker ant (D)
  2 spriggans (D)
  A river rat (D)
  A rat (D)
  A ballistomycete spore (D)
31 creatures vanquished.

Vanquished Creatures (others)
  A bush (D)
1 creature vanquished.

Grand Total: 32 creatures vanquished

Notes
Turn   | Place    | Note
-------+----------+-------------------------------------------
     0 | D        | equalderp2856 the Felid Fighter began the quest for the Orb.
     0 | D        | Reached XP level 1. HP: 10/10 MP: 2/2
    14 | D        | Reached skill level 2 in Stealth
    14 | D        | Reached skill level 5 in Unarmed Combat
    14 | D        | Reached XP level 2. HP: 6/14 MP: 3/3
   215 | D        | Noticed an oklob sapling
   217 | D        | Killed an oklob sapling
   217 | D        | Reached skill level 5 in Dodging
   217 | D        | Reached skill level 3 in Stealth
   217 | D        | Reached XP level 3. HP: 18/18 MP: 4/4
   222 | D        | Reached skill level 4 in Stealth
   245 | D        | Found an opulent altar of Gozag.
   245 | D        | Found a hazy altar of Hepliaklqana.
   245 | D        | Found a burning altar of Makhleb.
   245 | D        | Found a roughly hewn altar of Beogh.
   245 | D        | Found a sparkling altar of Nemelex Xobeh.
   245 | D        | Found a snail-covered altar of Cheibriados.
   245 | D        | Found a sacrificial altar of Ru.
   245 | D        | Found a deep blue altar of Sif Muna.
   245 | D        | Found a shimmering altar of Xom.
   245 | D        | Found a basalt altar of Yredelemnul.
   246 | D        | Found a viscous altar of Jiyva.
   246 | D        | Found a bloodstained altar of Trog.
   246 | D        | Noticed an oklob sapling priest
   247 | D        | Found an iron altar of Okawaru.
   247 | D        | Found a glowing silver altar of Zin.
   247 | D        | Found a shadowy altar of Dithmenos.
   248 | D        | Found a hide-covered altar of Uskayaw.
   248 | D        | Found an ancient bone altar of Kikubaaqudgha.
   249 | D        | Found a stormy altar of Qazlal.
   249 | D        | Found a glowing golden altar of the Shining One.
   249 | D        | Found a white marble altar of Elyvilon.
   250 | D        | Found a radiant altar of Vehumet.
   250 | D        | Found a corrupted altar of Lugonu.
   254 | D        | Killed an oklob sapling priest
   254 | D        | Reached skill level 5 in Stealth
   254 | D        | Reached XP level 4. HP: 22/22 MP: 2/6
   382 | D        | Reached skill level 6 in Stealth
   382 | D        | Reached XP level 5. HP: 25/25 MP: 4/7
   524 | D        | Reached skill level 5 in Fighting
   525 | D        | Reached skill level 8 in Stealth
   723 | D        | Found Wauqazy's Jewellery Shop.
   723 | D        | Found Soadupn's Gadget Emporium.
   728 | D        | Noticed a burning bush
   728 | D        | Noticed a wandering mushroom
   729 | D        | Noticed a wandering mushroom
   731 | D        | Killed a wandering mushroom
   731 | D        | Reached skill level 11 in Stealth
   731 | D        | Gained mutation: You are covered in thick fur. (AC +2) [Felid growth]
   731 | D        | Reached XP level 6. HP: 31/31 MP: 7/10
   733 | D        | Reached skill level 10 in Unarmed Combat
   735 | D        | Killed a wandering mushroom
   735 | D        | Reached skill level 13 in Stealth
   735 | D        | Reached skill level 5 in Evocations
   735 | D        | Reached XP level 7. HP: 34/34 MP: 7/12
   736 | D        | Killed a burning bush
   736 | D        | Reached skill level 14 in Stealth
   780 | D        | Found Woicweax's Weapon Emporium.
   780 | D        | Found Tuva's Gadget Shoppe.
  1305 | D        | Noticed a queen bee
  1312 | D        | Killed a queen bee
  1312 | D        | Reached skill level 15 in Stealth
  1312 | D        | Reached XP level 8. HP: 39/39 MP: 11/13
  1317 | D        | Reached skill level 16 in Stealth
  1369 | D        | Gained mutation: You occasionally shout uncontrollably at your foes. [mutagenic glow]
  1571 | D        | Noticed a burning bush
  1573 | D        | Identified Folixo's Compendium of the Voyage
  1574 | D        | Killed a burning bush
  1704 | D        | Noticed a burning bush
  1704 | D        | Noticed an oklob plant
  1705 | D        | Noticed a wandering mushroom
  1706 | D        | Killed a burning bush
  1706 | D        | Reached skill level 17 in Stealth
  1711 | D        | Killed an oklob plant
  1711 | D        | Reached skill level 18 in Stealth
  1711 | D        | Reached XP level 9. HP: 42/42 MP: 13/16
  1715 | D        | Killed a wandering mushroom
  1715 | D        | Reached skill level 19 in Stealth
  1774 | D        | Identified the Disquisition on Ensnaring Transformation
  1782 | D        | Noticed a spriggan druid
  1783 | D        | Killed a spriggan druid
  1783 | D        | Reached skill level 20 in Stealth
  1795 | D        | Noticed an oklob plant conjurer
  1797 | D        | Killed an oklob plant conjurer
  1911 | D        | Gained mutation: Your body sometimes deteriorates upon taking damage. [mutagenic glow]
  2069 | D        | Noticed an oklob plant
  2072 | D        | Killed an oklob plant
  2457 | D        | Noticed Agnes
  2459 | D        | Found Ybaluil's Antique Weapon Emporium.
  2459 | D        | Noticed a spriggan berserker
  2463 | D        | Noticed an elephant
  2465 | D        | Noticed an elephant
  2466 | D        | Mangled by Agnes
  2467 | D        | Reached XP level 8. HP: -7/39 MP: 16/16
  2524 | D        | Noticed a spriggan defender
  2541 | D        | Annihilated by a spriggan defender
  2542 | D        | Reached XP level 7. HP: -22/35 MP: 15/15
  2542 | D        | Noticed an oklob plant
  2542 | D        | Noticed an oklob plant shifter
  2542 | D        | Noticed an oklob plant summoner
  2542 | D        | Killed an oklob plant
  2542 | D        | Reached skill level 21 in Stealth
  2542 | D        | Reached skill level 10 in Evocations
  2542 | D        | Reached XP level 8. HP: 39/39 MP: 16/16
  2544 | D        | Killed an oklob plant summoner
  2546 | D        | Killed an oklob plant shifter
  2554 | D        | Slain by a spriggan defender

Skill      XL: |  1  2  3  4  5  6  7  8  9 |
---------------+----------------------------+-----
Stealth        | 2 3 5 6 11 13 21 18 20 | 21.8
Unarmed Combat | 5 6 7 8 9 10 11 | 11.8
Dodging        | 5 6 7 |  7.8
Fighting       | 4 5 6 |  6.4
Evocations     | 2 4 5 10 8 9 | 10.8

Action                   |  1- 3 |  4- 6 |  7- 9 || total
-------------------------+-------+-------+-------++-------
Melee: Unarmed           |    13 |     7 |    30 ||    50
 Abil: Evoke Invisibilit |     1 |     3 |    13 ||    17
  Use: Potion            |       |       |     3 ||     3
 Stab: Sleeping          |     3 |     7 |    19 ||    29
  Eat: Meat ration       |       |       |     1 ||     1
       Royal jelly       |       |       |     2 ||     2
Dodge: Dodged            |     5 |       |     5 ||    10
